 Dungeon Crawl Stone Soup version 0.28-a0-1486-g8196b01e9b (webtiles) character file.

Game seed: 14876602179146494177

45 Froggeryz the Caller (level 3, 0/14 HPs)
             Began as a Felid Summoner on Jan 12, 2022.
             Slain by an adder (3 damage)
             ... on level 2 of the Dungeon.
             The game lasted 00:03:49 (1460 turns).

Froggeryz the Caller (Felid Summoner)               Turns: 1460, Time: 00:03:50

Health: 0/14       AC:  1    Str:  4    XL:     3   Next: 42%
Magic:  4/8        EV: 17    Int: 18    God:
Gold:   33         SH:  0    Dex: 16    Spells: 6/7 levels left
                                        Lives:  0   Deaths: 0

rFire   . . .      SeeInvis +   (weapon unavailable)
rCold   . . .      Faith    .   (shield unavailable)
rNeg    . . .      Spirit   .   (armour unavailable)
rPois   .          Reflect  .   (helmet unavailable)
rElec   .          Harm     .   (cloak unavailable)
rCorr   .          Rampage  .   (gloves unavailable)
Will    .....                   (boots unavailable)
Stlth   ++........              (no amulet)
HPRegen 0.04/turn               (no ring)
MPRegen 0.11/turn               (no ring)

@: quick
A: very small, claws 1, fangs 3, see invisible, speed 1, shaggy fur 1, stealthy
paws, no weapons or thrown items, no armour, multi-lived
a: no special abilities


You were on level 2 of the Dungeon.
You visited 1 branch of the dungeon, and saw 2 of its levels.

You collected 33 gold pieces.

Inventory:

Jewellery
 a - an amulet of guardian spirit
Wands
 i - a wand of polymorph (4)
Scrolls
 b - a scroll of identify {unknown}
 e - a scroll of summoning {unknown}
 h - a scroll of magic mapping {unknown}
Potions
 c - a potion of cancellation {unknown}
 d - a potion of haste {unknown}
 f - 2 potions of heal wounds {unknown}
 g - a potion of brilliance {unknown}


   Skills:
 - Level 2.6 Dodging
 - Level 2.6 Stealth
 + Level 2.9 Spellcasting
 + Level 4.6 Summonings


You had 6 spell levels left.
You knew the following spells:

 Your Spells              Type           Power      Damage    Failure   Level
a - Summon Small Mammal   Summ           76%        N/A       2%          1

Your spell library contained the following spells:

 Spells                   Type           Power      Damage    Failure   Level
 Call Imp                 Summ           19%        N/A       3%          2
 Call Canine Familiar     Summ           19%        N/A       7%          3
 Summon Guardian Golem    Hex/Summ       11%        N/A       19%         3
 Summon Lightning Spire   Summ/Air       11%        N/A       54%         4


Dungeon Overview and Level Annotations

Branches:
Dungeon (2/15)

Altars:


Innate Abilities, Weirdness & Mutations

You have sharp claws.
You have razor-sharp teeth.
You have supernaturally acute eyesight. (SInv)
You cover ground quickly. (Speed+)
You are covered in fur. (AC +1)
Your paws help you pounce on unaware monsters.
You are incapable of wielding weapons or throwing items.
You cannot wear armour.
You gain extra lives every three experience levels.


Message History

Your bat misses the adder. Your bat hits the adder. Your bat misses the adder.
The adder bites you.
Your bat barely misses the adder.
Your bat hits the adder.
Your bat disappears in a puff of smoke!
The adder completely misses you.
Your bat misses the adder.
Your bat hits the adder but does no damage.
Your bat closely misses the adder.
Your bat disappears in a puff of smoke!
The adder bites you.
Your bat hits the adder. The adder misses you.
Your bat closely misses the adder.
Your magical contamination has completely faded away.
You scratch the adder.
The adder is severely wounded.
Your bat closely misses the adder.
The adder barely misses you.
Your quokka closely misses the adder.
You scratch the adder but do no damage. Your bite misses the adder.
The adder is severely wounded.
Your bat barely misses the adder.
The adder bites you but does no damage.
Your quokka bites the adder.
You scratch the adder but do no damage.
The adder is almost dead.
Your bat barely misses the adder.
The adder bites you.
Your quokka barely misses the adder.
The adder bites you.
* * * LOW HITPOINT WARNING * * *
You closely miss the adder.
The adder is almost dead.
Your bat barely misses the adder.
Your quokka barely misses the adder.
The adder completely misses you.
Your bat closely misses the adder.
You closely miss the adder.
The adder is almost dead.
Your bat misses the adder.
Your quokka barely misses the adder.
The adder barely misses you.
Your quokka misses the adder. You scratch the adder but do no damage.
The adder is almost dead.
The adder barely misses you.
Your bat closely misses the adder.
Your quokka closely misses the adder.
The adder closely misses you.
You barely miss the adder.
The adder is almost dead.
Your bat barely misses the adder.
The adder bites you.
You die...

##### #...###
##############..†..###
>............'.......#####
.#############..@Sr......#
'##### #...........#
.....# #....b......#
.....# #...........#
.....# #......†....#
.##### #...........# ....
...#####...........# ..##
...................# ..#
...................#


You could see an adder (ally target), a friendly quokka (summoned) and a
friendly bat (summoned).

Vanquished Creatures
  An endoplasm (D:1)
  A jackal (D:1)
  A quokka (D:1)
  A rat (D:1)
4 creatures vanquished.

Vanquished Creatures (collateral kills)
  A dart slug (D:1)
  A ball python (D:2)
  2 endoplasms (D:1)
  4 giant cockroaches
  2 hobgoblins (D:1)
  8 jackals (D:1)
  3 kobolds
  3 bats (D:1)
  4 goblins (D:1)
  4 rats (D:1)
32 creatures vanquished.

Grand Total: 36 creatures vanquished

Notes
Turn   | Place    | Note
-------+----------+-------------------------------------------
     0 | D:1      | Froggeryz the Felid Summoner began the quest for the Orb.
     0 | D:1      | Reached XP level 1. HP: 7/7 MP: 4/4
   154 | D:1      | Reached XP level 2. HP: 11/11 MP: 4/6
   368 | D:1      | Found a faded altar of an unknown god.
   460 | D:1      | Reached XP level 3. HP: 14/14 MP: 6/8
  1460 | D:2      | Slain by an adder

Illustrated notes

Levels and vault maps discovered:
D:1:      lightli_arrival_quake, layout_loops_ring, basic_ecumenical_altar
D:2:      layout_basic, serial_shops, nicolae_square_shop

Action                   || total
-------------------------++-------
Melee: Unarmed           ||    20
       Punch             ||     1
 Cast: Summon Small Mamm ||    59
Armor: Skin              ||     3
Dodge: Dodged            ||    36

Table legend: (Time is in decaauts)
 A = Elapsed time spent in this place.
 B = Non-inter-level travel time spent in this place.
 C = Inter-level travel time spent in this place.
 D = Time resting spent in this place.
 E = Time spent auto-exploring this place.
 F = Levels seen in this place.
 G = Mean time per level.
                   A        B        C        D        E       F      G
               +--------+--------+--------+--------+--------+-----+--------+
         Total |   1291 |   1239 |     52 |     21 |    819 |   2 |  645.5 |
       Dungeon |   1291 |   1239 |     52 |     21 |    819 |   2 |  645.5 |
               +--------+--------+--------+--------+--------+-----+--------+

Top non-repeatable levels by time:
     D:1: 1062 daAuts
     D:2: 229 daAuts
